 Dungeon Crawl Stone Soup version 0.20.1-1-g8b1a95d (webtiles) character file.

165 Sayu92 the Skirmisher (level 5, -7/34 HPs)
             Began as a Gargoyle Fighter on Dec 13, 2017.
             Mangled by homeworkjunkie's ghost (9 damage)
             ... on level 3 of the Dungeon.
             The game lasted 00:10:56 (2545 turns).

Sayu92 the Skirmisher (Gargoyle Fighter)            Turns: 2545, Time: 00:10:56

Health: -7/34      AC: 11    Str: 20    XL:     5   Next: 46%
Magic:  5/5        EV:  7    Int:  9    God:
Gold:   73         SH:  9    Dex:  9    Spells: 4/4 levels left

rFire    . . .     SeeInvis .   a - +0 flail
rCold    . . .     Gourm    .   c - +0 shield
rNeg     + . .     Faith    .   b - +0 scale mail
rPois    ∞         Spirit   .   (no helmet)
rElec    +         Reflect  .   (no cloak)
rCorr    .         Harm     .   (no gloves)
MR       .....                  (no boots)
Stlth    ..........             (no amulet)
Regen    0.2/turn               (no ring)
MPRegen  0.1/turn               (no ring)

@: no status effects
A: negative energy resistance 1, electricity resistance, unbreathing,
petrification resistance, rot immunity, AC +4
a: no special abilities


You were on level 3 of the Dungeon.
You were hungry.

You visited 1 branch of the dungeon, and saw 3 of its levels.

You collected 73 gold pieces.

Inventory:

Hand Weapons
 a - a +0 flail (weapon)
Armour
 b - a +0 scale mail (worn)
 c - a +0 shield (worn)
Wands
 o - a wand of paralysis (4/24)
Scrolls
 k - a scroll of magic mapping {unknown}
 l - 3 scrolls of amnesia
 q - a scroll of enchant armour {unknown}
 s - a scroll of identify
Potions
 d - a potion of might
 e - a potion of magic
 i - 3 potions of curing
 j - a potion of invisibility
 m - a potion of lignification {unknown}
 n - a potion of flight {unknown}
 r - 2 potions of mutation {unknown}
Comestibles
 f - 2 bread rations
 h - a meat ration
 p - a royal jelly


   Skills:
 + Level 4.3 Fighting
 * Level 4.0 Maces & Flails
 + Level 4.3 Armour
 - Level 3.2 Shields


You had 4 spell levels left.
You didn't know any spells.

Dungeon Overview and Level Annotations

Branches:
Dungeon (3/15)

Altars:
Gozag

Annotations:
D:3 homeworkjunkie's ghost, weakling HOFi


Innate Abilities, Weirdness & Mutations

You are resistant to torment.
Your stone body is resilient. (AC +4)
You are immune to poison.
You resist negative energy. (rN+)
You are resistant to electric shocks. (rElec)
You can survive without breathing.
You are immune to petrification.
You are immune to rotting.


Message History

Homeworkjunkie's ghost hits you!
* * * LOW HITPOINT WARNING * * *
You hit homeworkjunkie's ghost but do no damage.
Homeworkjunkie's ghost is lightly damaged.
You block homeworkjunkie's ghost's attack.
Homeworkjunkie's ghost hits you but does no damage.
You hit homeworkjunkie's ghost.
Homeworkjunkie's ghost is lightly damaged.
Homeworkjunkie's ghost barely misses you.
You thump homeworkjunkie's ghost!
Homeworkjunkie's ghost is moderately damaged.
Homeworkjunkie's ghost hits you!
* * * LOW HITPOINT WARNING * * *
You barely miss homeworkjunkie's ghost.
Homeworkjunkie's ghost is moderately damaged.
Homeworkjunkie's ghost barely misses you.
You barely miss homeworkjunkie's ghost.
Homeworkjunkie's ghost is moderately damaged.
Homeworkjunkie's ghost hits you!
You die...

#.# #.#
#.#....÷.... ###
#.# #.#
#.##........
.....#.#######
#W###.##........
.............#
#...............
.#.....#####.#
##..#.##........
#.#.#.# #.#
#..#.##########
# #.#.. #.#
#..#.# #.#.#
#.#######.#.# #
... #.## #.#
#.#.[.####..# #.
#.'........>#
###...#######
#...# #...#
#...# #...#
#...#


You could see homeworkjunkie's ghost.

Vanquished Creatures
  Ijyb (D:3)
  Robin (D:3)
  5 adders
  2 oozes (D:2)
  2 worms (D:2)
  2 dart slugs (D:1)
  3 leopard geckos (D:2)
  7 bats
  3 giant cockroaches (D:2)
  12 goblins
  10 hobgoblins
  3 quokkas (D:2)
  3 frilled lizards
  4 kobolds
  5 rats
63 creatures vanquished.

Notes
Turn   | Place    | Note
-------+----------+-------------------------------------------
     0 | D:1      | Sayu92 the Gargoyle Fighter began the quest for the Orb.
     0 | D:1      | Reached XP level 1. HP: 14/14 MP: 1/1
   111 | D:1      | Reached XP level 2. HP: 19/19 MP: 2/2
   665 | D:2      | Reached XP level 3. HP: 13/23 MP: 3/3
   902 | D:2      | Reached XP level 4. HP: 19/29 MP: 4/4
  1507 | D:3      | Found an opulent altar of Gozag.
  1541 | D:3      | Noticed Ijyb
  1548 | D:3      | Paralysed by Ijyb for 4 turns
  1555 | D:3      | Paralysed by Ijyb for 4 turns
  1559 | D:3      | Killed Ijyb
  1606 | D:3      | Noticed homeworkjunkie's ghost (weakling HOFi)
  1674 | D:3      | Noticed Robin
  1683 | D:2      | Reached XP level 5. HP: 28/33 MP: 5/5
  1956 | D:3      | Killed Robin
  2237 | D:3      | HP: 1/34 [homeworkjunkie's ghost (1)]
  2545 | D:3      | Mangled by homeworkjunkie's ghost

Skill      XL: |  1  2  3  4  5 |
---------------+----------------+-----
Maces & Flails | 3 4 |  4.0
Armour         | 4 |  4.3
Fighting       | 4 |  4.3
Shields        | |  3.2

Action                   |  1- 3 |  4- 6 || total
-------------------------+-------+-------++-------
Melee: Flail             |    92 |   165 ||   257
  Use: Scroll            |     2 |     5 ||     7
       Potion            |       |     1 ||     1
  Eat: Chunk             |       |     5 ||     5
Armor: Scale mail        |    34 |   119 ||   153
Dodge: Dodged            |    28 |    88 ||   116
Block: Shield            |    46 |   115 ||   161
